 Dungeon Crawl Stone Soup version 0.20.1-1-g8b1a95d (webtiles) character file.

127365 kibaces the Warrior (level 16, -3/136 HPs)
             Began as a Demonspawn Berserker on Dec 18, 2017.
             Was a High Priest of Trog.
             Slain by a tarantella (4 damage)
             ... on level 4 of the Spider Nest.
             The game lasted 02:07:12 (30902 turns).

kibaces the Warrior (Demonspawn Berserker)         Turns: 30902, Time: 02:07:13

Health: -3/136     AC: 23    Str: 25 (26) XL:     16   Next: 45%
Magic:  0/16       EV: 18    Int: 16      God:    Trog [*****.]
Gold:   1603       SH:  0    Dex: 14      Spells: 15/15 levels left

rFire    . . .     SeeInvis .   A - +9 great sword of Grontol {venom, *Rage rF+ Int+4}
rCold    + + .     Gourm    .   (shield currently unavailable)
rNeg     . . .     Faith    .   J - +3 ice dragon scales
rPois    +         Spirit   +   (helmet restricted)
rElec    .         Reflect  .   p - +2 cloak
rCorr    .         Harm     .   l - +2 pair of gloves
MR       +++..     Rnd*Rage +   L - +1 pair of boots "Noppy" {+Blink rPois Regen+ Stlth+}
Stlth    +.........             B - amulet of guardian spirit
Regen    1.8/turn               w - ring of protection from magic
MPRegen  0.2/turn               r - ring of protection from magic

@: lethally poisoned (-3 -> -22), corroded, berserk cooldown, very slightly
contaminated, slowed, very slow
A: horns 2, iridescent scales 2, agile 1, blink, blurry vision 1, clever 1,
powered by death 2, strong 1, rot immunity
a: Blink, Berserk, Trog's Hand, Brothers in Arms, Burn Spellbooks, Renounce
Religion, Evoke Blink


You were on level 4 of the Spider Nest.
You worshipped Trog.
Trog was extremely pleased with you.
You were not hungry.

You visited 4 branches of the dungeon, and saw 26 of its levels.
You also visited: Bailey and Ice Cave.

You collected 2235 gold pieces.
You spent 632 gold pieces at shops.

Inventory:

Hand Weapons
 b - a +2 falchion of flaming
 A - the +9 great sword of Grontol (weapon) {venom, *Rage rF+ Int+4}
   (Trog gifted it to you on level 1 of the Orcish Mines)

   It poisons the flesh of those it strikes.
   It affects your intelligence (+4).
   It protects you from fire.
   It may make you go berserk in combat.
 T - a +4 antimagic triple sword
Armour
 l - a +2 pair of gloves (worn)
 p - a +2 cloak (worn)
 J - +3 ice dragon scales (worn)
 L - the +1 pair of boots "Noppy" (worn) {+Blink rPois Regen+ Stlth+}
   (You bought it in a shop on level 1 of the Orcish Mines)

   It protects you from poison.
   It lets you blink.
   It increases your rate of regeneration.
   It makes you more stealthy.
Jewellery
 h - an uncursed amulet of harm {unknown}
 q - an uncursed ring of resist corrosion
 r - a ring of protection from magic (right hand)
 w - a ring of protection from magic (left hand)
 B - an amulet of guardian spirit (around neck)
Wands
 a - a wand of confusion (25/48)
 f - a wand of polymorph (13/24)
 u - a wand of iceblast (7/15)
 v - a wand of digging (5/24)
 D - a wand of acid (15/15)
 K - a wand of flame (31/48)
 N - a wand of flame (30/48)
 Q - a wand of disintegration (14/24)
 R - a wand of iceblast (7/15)
Scrolls
 e - 5 scrolls of magic mapping
 g - 2 scrolls of blinking
 j - 12 scrolls of remove curse
 m - 9 scrolls of teleportation
 s - a scroll of fog
 y - 3 scrolls of recharging
 G - a scroll of enchant weapon
 H - 5 scrolls of fear
 S - a scroll of identify
Potions
 d - 3 potions of heal wounds
 k - 2 potions of resistance
 n - 4 potions of flight
 o - 2 potions of brilliance {unknown}
 t - 5 potions of curing
 z - a potion of magic
 C - a potion of ambrosia {unknown}
 E - 4 potions of haste
 F - 2 potions of lignification
 I - 3 potions of agility
 M - a potion of might {unknown}
 O - a potion of degeneration {unknown}
Comestibles
 c - 11 bread rations
 i - 18 royal jellies
 x - 4 meat rations
 P - 4 fruits
 U - 3 chunks of flesh


   Skills:
 + Level 15.0 Fighting
 + Level 13.9 Long Blades
 + Level 13.6 Armour
 + Level 13.9 Dodging


You had 15 spell levels left.
You didn't know any spells.

Dungeon Overview and Level Annotations

Branches:
Dungeon (14/15)            Temple (0/1) D:5            Lair (6/6) D:8
  Swamp (0/4) Lair:2       Spider (4/4) Lair:3        Slime (0/5) Lair:5
    Orc (2/2) D:10            Elf (0/3) Orc:2        Vaults (0/5) D:13

Altars:
Ashenzari
Cheibriados
Dithmenos
Kikubaaqudgha
Makhleb
Nemelex Xobeh
Ru
Sif Muna
Uskayaw
Vehumet
The Shining One
Jiyva

Shops:
D:9 %   Orc:1 [   Orc:2 =(*[[


Innate Abilities, Weirdness & Mutations

You have a pair of horns on your head.
You are mostly covered in iridescent scales. (AC +4)
You regenerate health from kills.
You are immune to rotting.
You are agile. (Dex +2)
You can translocate small distances at will.
Scrolls take you a little longer to read.
Your mind is acute. (Int +2)
Your muscles are strong. (Str +2)


Message History

The entropic weave corrodes you! The redback bites you.
* * * LOW HITPOINT WARNING * * *
You are more poisoned.
The redback poisons you! The jumping spider pounces on you!!
* * * LOW HITPOINT WARNING * * *
You are even more entangled.
The jumping spider bites you but does no damage.
The moth of wrath goads the tarantella on!
The tarantella goes berserk!
The redback bites you but does no damage. x2
Blink to where?
Press: ? - help, Dir - move target cursor You are very lightly contaminated with residual magic.
As you read the scroll of blinking, it crumbles to dust.
* * * LOW HITPOINT WARNING * * *
You feel extremely sick. The tarantella barely misses you.
The jumping spider rages.
The tarantella bites you.
You die...

........................## ##
.........................#######.
..........................≈##^#..
..........^..............≈.......
..................†......≈.....%.
.............^...................
.................s.......#....^..
.................s§y.s..s........
.............##.@ss..............
......^.........?................
.^...............a...............
.................................
.....^...................^...†..
.............................<.
..........................^....
..........................###..
........................## ...


You could see an entropy weaver, a moth of wrath, a jumping spider (berserk), a
tarantella (berserk) and 3 redbacks.

Vanquished Creatures
  Arachne (Spider:2)
  Kirke (Spider:2)
  Roxanne (Spider:2)
  3 ghost moths
  2 orc warlords
  An emperor scorpion (Spider:4)
  3 entropy weavers
  A spark wasp (Spider:3)
  The ghost of homeworkjunkie the Cleaver, a journeyman HOFi of Okawaru (Orc:2)
  The ghost of Tiamon the Arsonist, a journeyman DrFE of Vehumet (Lair:2)
  7 vault guards
  3 hydras
  Erolcha (Orc:1)
  A catoblepas (Lair:5)
  7 two-headed ogres
  7 dancing weapons (Spider:1)
  Urug (Orc:1)
  4 orc high priests
  Nergalle (D:10)
  3 unseen horrors
  5 orc knights
  Pikel (D:7)
  A necromancer (IceCv)
  8 orb spiders
  A cyclops (D:11)
  14 wolf spiders
  2 ugly things (D:11)
  4 orc sorcerers
  A guardian serpent (Lair:6)
  3 moths of wrath
  10 elephants
  5 black mambas
  A molten gargoyle (Lair:4)
  3 ice statues (IceCv)
  Psyche (D:8)
  A torpor snail (Spider:3)
  A gargoyle (D:13)
  Joseph (D:10)
  13 spiny frogs
  21 demonic crawlers
  An efreet (D:13)
  5 komodo dragons
  5 ice devils (IceCv)
  2 polar bears
  A queen bee (D:12)
  3 meliai (D:12)
  5 trolls
  23 jumping spiders
  6 hornets
  3 blink frogs (Lair:4)
  4 dream sheep (Lair:4)
  3 slime creatures (D:8)
  6 hippogriffs
  A shadow (D:13)
  2 wraiths (D:12)
  41 redbacks
  11 wyverns
  7 hogs (Spider:2)
  Eustachio (D:5)
  6 basilisks
  34 yaks
  19 tarantellas
  2 vampire mosquitoes (D:13)
  4 swamp worms (Lair:2)
  3 wargs (Orc:1)
  Edmund (D:4)
  A soldier ant (D:11)
  19 water moccasins
  4 black bears
  9 porcupines
  An eye of draining (D:13)
  41 orc warriors
  A swamp drake (D:8)
  2 ice beasts
  A phantom (D:4)
  3 sky beasts
  A slave (D:7)
  3 necrophages
  10 ogres
  10 wolves
  15 centaurs
  14 crocodiles
  14 bullfrogs
  A gnoll sergeant (D:12)
  2 big kobolds
  A wyvern zombie (D:9)
  2 wyvern skeletons
  A water moccasin skeleton (D:4)
  40 killer bees
  4 scorpions
  2 howler monkeys
  An electric eel (Lair:2)
  7 crimson imps
  6 centaur zombies
  A quasit (D:8)
  2 bullfrog zombies
  3 centaur skeletons
  7 hounds
  2 jellies
  A draconian simulacrum (IceCv)
  25 orc priests
  An iron imp (Spider:1)
  2 bullfrog skeletons
  Ijyb (D:3)
  8 iguanas
  37 orc wizards
  14 worker ants
  3 troll simulacra (IceCv)
  A centaur simulacrum (IceCv)
  2 hound skeletons
  A worker ant zombie (D:10)
  5 gnolls (D:12)
  8 adders
  3 naga simulacra (IceCv)
  2 ogre simulacra (IceCv)
  4 shadow imps
  12 white imps (Lair:5)
  An adder skeleton (D:4)
  4 worms
  A dart slug (D:1)
  10 leopard geckos
  106 orcs
  5 bats
  10 giant cockroaches
  5 goblins
  4 hobgoblins
  9 jackals
  5 quokkas
  2 ball pythons
  3 frilled lizards
  A giant cockroach zombie (D:5)
  A jackal zombie (D:6)
  13 kobolds
  A leopard gecko zombie (D:8)
  8 rats
  A fungus (Lair:3)
897 creatures vanquished.

Vanquished Creatures (collateral kills)
  Donald (Spider:1)
  The ghost of bmj180 the Bludgeoner, an adept MiFi of Okawaru (Spider:1)
  A wolf spider (Lair:6)
  A spiny frog (Lair:6)
  A jumping spider (Spider:2)
  4 redbacks (Spider:2)
  A tarantella (Spider:1)
  A wyvern (Lair:6)
11 creatures vanquished.

Vanquished Creatures (others)
  An emperor scorpion (Spider:4)
  A slave (D:7)
  A killer bee zombie (D:7)
  An orc (D:7)
  7 bushes (Lair:6)
  26 fungi
  26 plants
63 creatures vanquished.

Grand Total: 971 creatures vanquished

Notes
Turn   | Place    | Note
-------+----------+-------------------------------------------
     0 | D:1      | kibaces the Demonspawn Berserker began the quest for the Orb.
     0 | D:1      | Reached XP level 1. HP: 18/18 MP: 1/1
   478 | D:1      | Gained mutation: You have a pair of small horns on your head. [demonic ancestry]
   478 | D:1      | Reached XP level 2. HP: 24/24 MP: 2/2
   857 | D:2      | Reached XP level 3. HP: 20/29 MP: 3/3
   936 | D:2      | Reached ** piety under Trog
  1383 | D:2      | Found a sacrificial altar of Ru.
  1383 | D:2      | Found a sparkling altar of Nemelex Xobeh.
  1708 | D:2      | Reached XP level 4. HP: 35/35 MP: 4/4
  2657 | D:3      | Noticed Ijyb
  2665 | D:3      | Killed Ijyb
  2665 | D:3      | Gained mutation: You are partially covered in iridescent scales. (AC +2) [demonic ancestry]
  2665 | D:3      | Reached XP level 5. HP: 42/42 MP: 5/5
  2741 | D:3      | Reached skill level 4 in Fighting
  2776 | D:3      | Reached *** piety under Trog
  3044 | D:4      | Noticed Edmund
  3058 | D:4      | Killed Edmund
  3058 | D:4      | Gained mutation: You are immune to rotting. [demonic ancestry]
  3058 | D:4      | Reached XP level 6. HP: 49/49 MP: 6/6
  3838 | D:5      | Entered Level 5 of the Dungeon
  3843 | D:5      | Reached XP level 7. HP: 55/55 MP: 7/7
  3854 | D:5      | Found a shattered altar of Ashenzari.
  3854 | D:5      | Found a burning altar of Makhleb.
  3854 | D:5      | Found a glowing golden altar of the Shining One.
  4057 | D:5      | Found a staircase to the Ecumenical Temple.
  4074 | D:5      | Reached skill level 5 in Fighting
  4203 | D:5      | Noticed Eustachio
  4223 | D:5      | Killed Eustachio
  4223 | D:5      | Reached skill level 5 in Long Blades
  4666 | D:5      | Received a gift from Trog
  4802 | D:5      | Found a radiant altar of Vehumet.
  4809 | D:5      | Reached XP level 8. HP: 63/63 MP: 8/8
  5639 | D:6      | Found a snail-covered altar of Cheibriados.
  5657 | D:6      | Reached skill level 6 in Fighting
  5677 | D:6      | Reached skill level 5 in Dodging
  5842 | D:6      | Found an ancient bone altar of Kikubaaqudgha.
  6276 | D:6      | Gained mutation: You are weak. (Str -2) [mutagenic meat]
  6866 | D:6      | Reached skill level 5 in Armour
  7107 | D:7      | Reached **** piety under Trog
  7222 | D:7      | Reached XP level 9. HP: 66/71 MP: 9/9
  7250 | D:7      | Gained mutation: You have an increased reservoir of magic. (+10% MP) [mutagenic meat]
  7436 | D:7      | Noticed Pikel
  7446 | D:7      | Killed Pikel
  7446 | D:7      | Reached skill level 7 in Fighting
  8442 | D:8      | Noticed a two-headed ogre
  8448 | D:8      | Killed a two-headed ogre
  8448 | D:8      | Reached skill level 8 in Fighting
  8448 | D:8      | Gained mutation: You are mostly covered in iridescent scales. (AC +4) [demonic ancestry]
  8448 | D:8      | Reached XP level 10. HP: 80/80 MP: 9/11
  8537 | D:8      | Noticed Psyche
  8570 | D:8      | Killed Psyche
  8810 | D:8      | Noticed a two-headed ogre
  8851 | D:8      | Killed a two-headed ogre
  9123 | D:8      | Reached ***** piety under Trog
  9217 | D:8      | Found a staircase to the Lair.
  9341 | D:8      | Noticed a two-headed ogre
  9346 | D:8      | Killed a two-headed ogre
  9461 | D:8      | Reached skill level 9 in Fighting
  9611 | D:9      | Gained mutation: You have a pair of horns on your head. [demonic ancestry]
  9611 | D:9      | Reached XP level 11. HP: 89/89 MP: 12/12
  9638 | D:9      | Found a hide-covered altar of Uskayaw.
  9662 | D:9      | Found a shadowy altar of Dithmenos.
  9961 | D:9      | Found Qurumyurch's Food Emporium.
 10119 | D:9      | Found a deep blue altar of Sif Muna.
 10288 | D:10     | Entered Level 10 of the Dungeon
 10296 | D:10     | Found a flagged portal.
 10308 | Bailey   | Entered a bailey
 10371 | Bailey   | Noticed an orc knight
 10429 | Bailey   | Received a gift from Trog
 10470 | Bailey   | Noticed an orc knight
 10473 | Bailey   | Noticed an orc knight
 10533 | Bailey   | Killed an orc knight
 11015 | D:10     | Noticed Nergalle
 11028 | D:10     | Killed Nergalle
 11408 | D:10     | Identified a scroll of acquirement
 11416 | D:10     | Lost mutation: You are weak. (Str -2) [potion of mutation]
 11416 | D:10     | Lost mutation: You have an increased reservoir of magic. (+10% MP) [potion of mutation]
 11416 | D:10     | Gained mutation: Scrolls take you a little longer to read. [potion of mutation]
 11416 | D:10     | Gained mutation: You are weak. (Str -2) [potion of mutation]
 11416 | D:10     | Lost mutation: You are weak. (Str -2) [potion of mutation]
 11508 | D:10     | Noticed Joseph
 11512 | D:10     | Found a staircase to the Orcish Mines.
 11520 | D:10     | Killed Joseph
 12124 | D:11     | Reached skill level 10 in Fighting
 12128 | D:11     | Noticed a two-headed ogre
 12170 | D:10     | Killed a two-headed ogre
 12408 | D:11     | Noticed a green ugly thing
 12415 | D:11     | Killed a green ugly thing
 12625 | D:11     | Noticed a green ugly thing
 12631 | D:11     | Killed a green ugly thing
 12638 | D:11     | Gained mutation: You can translocate small distances at will. [mutagenic meat]
 12953 | D:12     | Paralysed by a hornet for 2 turns
 13088 | D:12     | Reached XP level 12. HP: 98/98 MP: 12/12
 13641 | Lair:1   | Entered Level 1 of the Lair of Beasts
 13921 | Lair:1   | Noticed a four-headed hydra
 13932 | Lair:1   | Killed a nine-headed hydra
 14251 | Lair:1   | Reached skill level 10 in Long Blades
 15139 | Lair:2   | Noticed Tiamon's ghost (journeyman DrFE)
 15229 | Lair:2   | Reached skill level 11 in Fighting
 15395 | Lair:2   | Received a gift from Trog
 15395 | Lair:2   | Reached skill level 10 in Dodging
 15490 | Lair:2   | Found a staircase to the Swamp.
 16225 | Lair:2   | Killed Tiamon's ghost
 16225 | Lair:2   | Reached skill level 10 in Armour
 16375 | Lair:3   | Noticed a four-headed hydra
 16422 | Lair:3   | Killed a one-headed hydra
 16554 | Lair:3   | Found a hole to the Spider Nest.
 17256 | Lair:4   | Gained mutation: You regenerate a little health from kills. [demonic ancestry]
 17256 | Lair:4   | Reached XP level 13. HP: 100/106 MP: 11/13
 17900 | Lair:5   | Reached skill level 12 in Fighting
 18088 | Lair:5   | Found a frozen archway.
 18103 | IceCv    | Entered an ice cave
 18548 | IceCv    | Reached ****** piety under Trog
 18574 | IceCv    | Received a gift from Trog
 19025 | Lair:5   | Found a viscous altar of Jiyva.
 19025 | Lair:5   | Found a staircase to the Slime Pits.
 19557 | Lair:6   | Entered Level 6 of the Lair of Beasts
 20532 | Lair:6   | Reached XP level 14. HP: 31/116 MP: 5/14
 20575 | Lair:6   | HP: 4/116 [poisoned by a black mamba]
 22127 | D:12     | Received a gift from Trog
 22653 | D:13     | Found a gate to the Vaults.
 23082 | D:12     | Reached skill level 13 in Fighting
 24252 | Orc:1    | Entered Level 1 of the Orcish Mines
 24255 | Orc:1    | Received a gift from Trog
 24317 | Orc:1    | Noticed Erolcha
 24328 | Orc:1    | Killed Erolcha
 24373 | Orc:1    | Found Lyw Noa's Armour Emporium.
 24390 | Orc:1    | Bought the +1 pair of boots "Noppy" {+Blink rPois Regen+ Stlth+} for 366 gold pieces
 24443 | Orc:1    | Noticed Urug
 24468 | Orc:1    | Killed Urug
 24781 | Orc:2    | Entered Level 2 of the Orcish Mines
 24854 | Orc:2    | Found a staircase to the Elven Halls.
 24873 | Orc:2    | Noticed an orc warlord
 24922 | Orc:1    | Received a gift from Trog
 24923 | Orc:1    | Got a transparent great sword {god gift}
 24925 | Orc:1    | Identified the +9 great sword of Grontol {venom, *Rage rF+ Int+4} (Trog gifted it to you on level 1 of the Orcish Mines)
 25082 | Orc:2    | Killed an orc warlord
 25180 | Orc:2    | Noticed homeworkjunkie's ghost (journeyman HOFi)
 25217 | Orc:2    | Killed homeworkjunkie's ghost
 25659 | Orc:2    | Found Byafarch's Antique Armour Shop.
 25966 | Orc:2    | Noticed an orc warlord
 26048 | Orc:1    | Killed an orc warlord
 26048 | Orc:1    | Gained mutation: You regenerate health from kills. [demonic ancestry]
 26048 | Orc:1    | Reached XP level 15. HP: 83/124 MP: 10/15
 26164 | Orc:2    | Received a gift from Trog
 26573 | Orc:2    | Found Xoucad's General Store.
 26574 | Orc:2    | Found Acuchys's Jewellery Emporium.
 26576 | Orc:2    | Found Ciosin's Antique Armour Shoppe.
 26576 | Orc:2    | Found Afuzaos's Antique Weapon Shoppe.
 26581 | Orc:2    | Bought a potion of curing for 39 gold pieces
 26581 | Orc:2    | Bought a potion of haste for 130 gold pieces
 26581 | Orc:2    | Bought a scroll of enchant armour for 97 gold pieces
 27092 | Lair:1   | You fall through a shaft!
 27211 | Spider:1 | Entered Level 1 of the Spider Nest
 27403 | Spider:1 | Noticed bmj180's ghost (adept MiFi)
 27416 | Spider:1 | Killed bmj180's ghost
 27668 | Spider:1 | Noticed Donald
 27685 | Spider:1 | Killed Donald
 27965 | Spider:1 | Found a runed door.
 28124 | Spider:1 | Reached skill level 14 in Fighting
 28360 | Spider:2 | Noticed Roxanne
 28382 | Spider:2 | Noticed Kirke
 28411 | Spider:2 | Received a gift from Trog
 28670 | Spider:2 | Killed Kirke
 28747 | Spider:2 | Killed Roxanne
 28748 | Spider:2 | Identified Roxanne's Papyrus of the Rocks (You took it off Roxanne on level 2 of the Spider Nest)
 28819 | Spider:2 | Received a gift from Trog
 28922 | Spider:2 | Noticed Arachne
 28933 | Spider:2 | Killed Arachne
 29139 | Spider:2 | Killed a ghost moth
 29144 | Spider:2 | Gained mutation: You are agile. (Dex +2) [mutagenic meat]
 29145 | Spider:2 | Gained mutation: Your muscles are strong. (Str +2) [mutagenic meat]
 29147 | Spider:2 | Gained mutation: Your mind is acute. (Int +2) [mutagenic meat]
 29437 | Spider:3 | Reached XP level 16. HP: 125/134 MP: 16/16
 29751 | Spider:3 | Received a gift from Trog
 30219 | Spider:4 | Entered Level 4 of the Spider Nest
 30832 | Spider:4 | Reached skill level 15 in Fighting
 30902 | Spider:4 | HP: 1/136 [poisoned by a redback]
 30902 | Spider:4 | Slain by a tarantella

Skill      XL: |  1  2  3  4  5  6  7  8  9 10 11 12 13 14 15 16 |
---------------+-------------------------------------------------+-----
Long Blades    | 3 4 5 6 7 8 9 10 11 12 13 | 13.9
Armour         | 2 3 4 5 6 7 9 10 11 12 13 | 13.6
Dodging        | 2 3 4 5 6 8 9 10 11 12 13 | 13.9
Fighting       | 4 5 6 8 9 10 11 12 13 14 15 | 15.0

Action                   |  1- 3 |  4- 6 |  7- 9 | 10-12 | 13-15 | 16-18 || total
-------------------------+-------+-------+-------+-------+-------+-------++-------
Melee: Falchion          |    89 |   138 |   106 |   611 |   978 |       ||  1922
       Headbutt          |    18 |    30 |    81 |   166 |   394 |    56 ||   745
       Scimitar          |       |    30 |   280 |       |    28 |       ||   338
       Unarmed           |       |       |       |     1 |       |       ||     1
       Great sword       |       |       |       |       |   425 |   154 ||   579
Invok: Berserk           |     1 |     3 |     7 |    16 |    23 |     1 ||    51
       Trog's Hand       |       |       |     1 |     1 |     2 |       ||     4
       Brothers in Arms  |       |       |       |       |    12 |       ||    12
       Burn Spellbooks   |       |       |       |       |     3 |       ||     3
 Abil: Blink             |       |       |       |     4 |     2 |       ||     6
  Use: Scroll            |       |       |    15 |    10 |    11 |     1 ||    37
       Potion            |       |       |       |     1 |     2 |       ||     3
 Stab: Sleeping          |     2 |       |       |       |       |       ||     2
       Distracted        |     1 |       |       |       |       |       ||     1
       Invisible         |       |       |       |     1 |       |       ||     1
  Eat: Chunk             |     2 |    11 |    16 |    24 |    43 |     2 ||    98
       Bread ration      |       |       |     2 |     2 |     3 |       ||     7
       Meat ration       |       |       |       |     2 |     2 |       ||     4
       Fruit             |       |       |       |     1 |     2 |     6 ||     9
       Royal jelly       |       |       |       |       |     2 |     1 ||     3
Armor: Animal skin       |    14 |    15 |       |       |       |       ||    29
       Chain mail        |       |    62 |   287 |    99 |       |       ||   448
       Skin              |       |       |       |     8 |       |       ||     8
       Ice dragon scales |       |       |       |   257 |   850 |   223 ||  1330
Dodge: Dodged            |    62 |    99 |   234 |   460 |  1272 |   266 ||  2393
       Rpst.: Falchion   |    13 |    24 |    27 |   118 |   168 |       ||   350
       Scimitar          |       |     5 |    52 |       |     3 |       ||    60
       Great sword       |       |       |       |       |   120 |    47 ||   167
